 Dungeon Crawl Stone Soup version 0.31-a0-18-gea43df2a32 (webtiles) character file.

Game seed: 5279597441065334245

102 subawu the Digger (level 4, 0/35 HPs)
             Began as a Draconian Earth Elementalist on May 11, 2023.
             Slain by a hobgoblin (4 damage)
             ... led by Robin
             ... on level 2 of the Dungeon.
             The game lasted 00:09:22 (2330 turns).

subawu the Digger (Draconian Earth Elementalist)    Turns: 2330, Time: 00:09:23

Health: 0/35       AC:  6    Str: 12    XL:     4   Next: 50%
Magic:  6/7        EV: 12    Int: 15    God:
Gold:   80         SH:  0    Dex: 12    Spells: 7/8 levels left

rFire   . . .        b - +0 short sword
rCold   . . .        (no shield)
rNeg    . . .        (body armour unavailable)
rPois   .            (helmet restricted)
rElec   .            f - +0 cloak
rCorr   .            (no gloves)
SInv    .            (no boots)
Will    .....        (no amulet)
Stlth   ++           (no ring)
HPRegen 0.25/turn    (no ring)
MPRegen 0.10/turn

%: no passive effects
@: no status effects
A: AC +5, unfitting armour, cold-blooded
a: no special abilities


You were on level 2 of the Dungeon.
You visited 1 branch of the dungeon, and saw 2 of its levels.

You collected 80 gold pieces.

Inventory:

Hand Weapons
 b - a +0 short sword (weapon)
Missiles
 c - 12 stones
Armour
 f - a +0 cloak (worn)
Jewellery
 l - a ring of willpower
Scrolls
 e - a scroll of identify
 k - a scroll of fog
Potions
 a - a potion of magic
 d - 3 potions of resistance


   Skills:
 + Level 1.2 Fighting
 + Level 1.3 Short Blades
 + Level 2.7 Dodging
 + Level 1.9 Stealth
 + Level 2.5 Spellcasting
 + Level 1.0 Transmutations
 + Level 3.7 Earth Magic


You had 7 spell levels left.
You knew the following spells:

 Your Spells              Type           Power      Damage    Failure   Level
a - Sandblast             Erth           26%        2d8       4%          1

Your spell library contained the following spells:

 Spells                   Type           Power      Damage    Failure   Level
 Passwall                 Tmut/Erth      6%         N/A       12%         2
 Shock                    Conj/Air       4%         1d3       22%         1
 Stone Arrow              Conj/Erth      14%        3d7       30%         3
 Swiftness                Air            1%         N/A       54%         3
 Petrify                  Tmut/Erth      8%         N/A       63%         4
 Airstrike                Air            0%         2d(1-17)  91%         4


Dungeon Overview and Level Annotations

Branches:
Dungeon (2/15)

Altars:

Annotations:
D:2 Robin


Innate Abilities, Weirdness & Mutations

Your plain brown scales are hard. (AC +5)
You cannot fit into any form of body armour.
You are cold-blooded and may be slowed by cold attacks.


Message History

Robin closely misses you. The hobgoblin completely misses you.
The goblin closely misses you. The goblin barely misses you.
The goblin hits you but does no damage. The goblin barely misses you.
You hit Robin but do no damage.
Your tail-slap misses Robin.
Robin is moderately wounded.
The hobgoblin barely misses you. The goblin barely misses you.
The goblin hits you with a +0 club. The goblin misses you. x2
You hit Robin but do no damage.
Robin is moderately wounded.
The hobgoblin closely misses you. The goblin closely misses you.
The goblin misses you. The goblin hits you but does no damage.
The goblin barely misses you.
You hit Robin but do no damage.
Robin is moderately wounded.
Robin closely misses you. The hobgoblin barely misses you.
The goblin hits you with a +0 dagger. The goblin barely misses you.
The goblin hits you but does no damage. x2
You hit Robin.
Robin is moderately wounded.
The hobgoblin barely misses you. The goblin closely misses you.
The goblin barely misses you. The goblin closely misses you.
The goblin barely misses you.
You hit Robin.
Robin is heavily wounded.
Robin hits you with a +0 spear.
The hobgoblin hits you but does no damage.
The goblin hits you with a +0 dagger.
* * * LOW HITPOINT WARNING * * *
The goblin barely misses you.
The goblin hits you but does no damage. x2
As you read the scroll of fog, it crumbles to dust.
The scroll dissolves into smoke.
The hobgoblin hits you.
* * * LOW HITPOINT WARNING * * *
The goblin misses you. The goblin closely misses you. x2
The goblin hits you but does no damage.
You hit the goblin.
The goblin is moderately wounded.
Robin hits you with a +0 spear.
* * * LOW HITPOINT WARNING * * *
The hobgoblin hits you.
You die...

.........#.###########.#
...............#......†#
......####.###.........#
...... ###.#####.......#
.....##...............#
....#.................
##.###.§§§..............
.....§ggg§.....).......#
.....§g@g.............##
.....§§g§§§...........#
.....§§§§§..........####
......................##
........................
............#.....####..
....................<..#
....#.##..#......#.####.
.#....# .....


You could see Robin, a hobgoblin (strong) and 4 goblins.

Vanquished Creatures
  Jessica (D:2)
  3 adders (D:2)
  A worm (D:2)
  A dart slug (D:1)
  6 ball pythons
  2 endoplasms (D:1)
  A giant cockroach (D:1)
  8 goblins
  2 hobgoblins (D:2)
  8 jackals (D:1)
  3 kobolds
  2 quokkas
  3 bats
  A frilled lizard (D:1)
  3 rats
45 creatures vanquished.

Notes
Turn   | Place    | Note
-------+----------+-------------------------------------------
     0 | D:1      | subawu the Draconian Earth Elementalist began the quest for
                  | the Orb.
     0 | D:1      | Reached XP level 1. HP: 14/14 MP: 3/3
   455 | D:1      | Reached XP level 2. HP: 20/20 MP: 1/5
   902 | D:1      | Reached XP level 3. HP: 6/27 MP: 4/6
  1595 | D:2      | Reached skill level 1 in Fighting
  2182 | D:2      | Noticed Jessica
  2190 | D:2      | Killed Jessica
  2191 | D:2      | Reached skill level 1 in Short Blades
  2191 | D:2      | Reached XP level 4. HP: 26/35 MP: 5/7
  2313 | D:2      | Noticed Robin
  2330 | D:2      | Slain by a hobgoblin

Illustrated notes

Levels and vault maps discovered:
D:1:      sevenhm_arrival_forest_fort_small_3, layout_basic,
          serial_co_window_serial, co_window_corner_a, co_window_paths_a,
          co_window_corner_a, co_window_paths_a, co_window_paths_a,
          co_window_paths_a, co_window_corner_b, co_window_of_opportunity_b,
          co_window_broadway_b, co_window_unsneaky_path_c,
          co_window_of_opportunity_c, glass_columns_a, glass_columns_c
D:2:      layout_rooms, basic_altar, shapermc_ecumenical_altar_mp_vishouse,
          chequers_decorated_corner, uniq_robin, uniq_jessica

Skill      XL: |  1  2  3 |
---------------+----------+-----
Dodging        | 2 |  2.7
Fighting       | 1 |  1.2
Short Blades   | 1 |  1.3
Stealth        | |  1.9
Spellcasting   | |  2.5
Transmutations | |  1.0
Earth Magic    | |  3.7

Action                     |  1- 3 |  4- 6 || total
---------------------------+-------+-------++-------
  Melee: Unarmed           |    18 |       ||    18
         Short sword       |   102 |    15 ||   117
         Tailslap          |    13 |     1 ||    14
         Punch             |     1 |       ||     1
   Cast: Sandblast         |    28 |     5 ||    33
    Use: Scroll            |     4 |     1 ||     5
         Potion            |       |     2 ||     2
   Stab: Sleeping          |     1 |     1 ||     2
 Armour: Skin              |   107 |    27 ||   134
  Dodge: Dodged            |   193 |    50 ||   243

Table legend: (Time is in decaauts)
 A = Elapsed time spent in this place.
 B = Non-inter-level travel time spent in this place.
 C = Inter-level travel time spent in this place.
 D = Time resting spent in this place.
 E = Time spent auto-exploring this place.
 F = Levels seen in this place.
 G = Mean time per level.
                   A        B        C        D        E       F      G
               +--------+--------+--------+--------+--------+-----+--------+
         Total |   2326 |   2149 |    177 |    646 |      0 |   2 | 1163.0 |
       Dungeon |   2326 |   2149 |    177 |    646 |      0 |   2 | 1163.0 |
               +--------+--------+--------+--------+--------+-----+--------+

Top non-repeatable levels by time:
     D:1: 1583 daAuts
     D:2: 743 daAuts
